 Dungeon Crawl Stone Soup version 0.31-a0-246-g8cbcc1cb85 (webtiles) character file.

Game seed: 8114750336783912219

23 HallandMoats the Trooper (level 2, 0/24 HPs)
             Began as a Demonspawn Fighter on July 12, 2023.
             Frozen to death by an endoplasm (5 damage)
             ... on level 2 of the Dungeon.
             The game lasted 00:01:01 (775 turns).

HallandMoats the Trooper (Demonspawn Fighter)        Turns: 775, Time: 00:01:01

Health: 0/24       AC:  6    Str: 16    XL:     2   Next: 75%
Magic:  2/2        EV:  8    Int:  9    God:
Gold:   49         SH:  4    Dex: 12    Spells: 1/1 levels left

rFire   . . .        a - +0 war axe
rCold   . . .        c - +0 buckler
rNeg    . . .        b - +0 scale mail
rPois   .            (no helmet)
rElec   .            (no cloak)
rCorr   .            (no gloves)
SInv    .            (no boots)
Will    .....        h - amulet of regeneration Stlth
                     (no ring)
HPRegen 1.04/turn    (no ring)
MPRegen 0.08/turn

%: no passive effects
@: no status effects
A: weakness stinger 1
a: no special abilities


You were on level 2 of the Dungeon.
You visited 1 branch of the dungeon, and saw 2 of its levels.

You collected 49 gold pieces.

Inventory:

Hand Weapons
 a - a +0 war axe (weapon)
Armour
 b - a +0 scale mail (worn)
 c - a +0 buckler (worn)
Jewellery
 h - an amulet of regeneration (around neck)
 j - an amulet of the acrobat
 m - an amulet of magic regeneration
Scrolls
 g - a scroll of amnesia {unknown}
 i - a scroll of enchant armour {unknown}
 k - a scroll of fog {unknown}
 l - a scroll of identify {unknown}
Potions
 d - a potion of might
 e - a potion of curing {unknown}
 f - a potion of brilliance {unknown}


   Skills:
 * Level 3.4 Fighting
 * Level 2.3 Axes
 - Level 2.6 Armour
 + Level 2.9 Shields


You had one spell level left.
You didn't know any spells.
Your spell library was empty.

Dungeon Overview and Level Annotations

Branches:
Dungeon (2/15)

Altars:
Makhleb


Innate Abilities, Weirdness & Mutations

You have a small tail.


Message History

You now have 49 gold pieces (gained 14).
Things that are here:
a +0 dagger; a ball python corpse; a kobold corpse
Found an escape hatch in the floor.
A bat and a frilled lizard come into view.
There are monsters nearby!
There are monsters nearby!
There are monsters nearby!
The bat hits you but does no damage.
Found a burning altar of Makhleb.
The bat hits you but does no damage.
A gnoll comes into view. It is wielding a +0 halberd.
The gnoll shouts!
The bat hits you but does no damage.
The frilled lizard bites you but does no damage.
The bat hits you but does no damage.
The frilled lizard attacks as you move away!
The frilled lizard completely misses you. 2 gnolls come into view.
Found 8 gold pieces.
The gnoll shouts! x2; You hear a shout!
The bat hits you but does no damage.
A gnoll comes into view.
It is wielding a +0 club. 2 endoplasms come into view.
Found 16 gold pieces.
The endoplasm quivers. x2
The bat hits you but does no damage. The gnoll closely misses you.
The bat closely misses you. You block the bat's attack.
The endoplasm hits you but does no damage.
The gnoll hits you from afar with a +0 halberd!
You completely miss the endoplasm. You hit the endoplasm.
You hit the frilled lizard. The bat closely misses you. The endoplasm hits you.
The endoplasm freezes you.
You are frozen.
The gnoll barely misses you.
The frilled lizard bites you but does no damage.
The gnoll hits you with a +0 flail.
* * * LOW HITPOINT WARNING * * *
The endoplasm freezes you.
You are frozen.
You die...

#................
#................
#................
##................
#...............>.
#####.#..!......)....<
###......#.....##.......
#.......l.....####......
......J@..b..## #......
......gJg.....#.........
.........gg...#.##......
..............# ##....#
...$............ #.##..
..............#.....###.
..............#.##### #
....$.......... #


You could see 4 gnolls, 2 endoplasms, a bat and a frilled lizard.

Vanquished Creatures
  A dart slug (D:1)
  6 ball pythons
  3 giant cockroaches
  A goblin (D:1)
  A hobgoblin (D:2)
  4 kobolds
  A quokka (D:1)
  A frilled lizard (D:1)
  3 rats (D:1)
21 creatures vanquished.

Notes
Turn   | Place    | Note
-------+----------+-------------------------------------------
     0 | D:1      | HallandMoats the Demonspawn Fighter began the quest for the
                  | Orb.
     0 | D:1      | Reached XP level 1. HP: 18/18 MP: 1/1
   279 | D:1      | Discovered your monstrous ancestry.
   279 | D:1      | Gained mutation: You have a small tail. [demonic ancestry]
   279 | D:1      | Reached XP level 2. HP: 24/24 MP: 2/2
   768 | D:2      | Found a burning altar of Makhleb.
   775 | D:2      | Frozen to death by an endoplasm

Illustrated notes

Levels and vault maps discovered:
D:1:      dpeg_arrival_fog, layout_loops_ring, kennysheep_pointless_box
D:2:      layout_rooms, basic_altar, hangedman_decor_push

Skill      XL: |  1 |
---------------+----+-----
Axes           | 2 |  2.3
Fighting       | |  3.4
Armour         | |  2.6
Shields        | |  2.9

Action                     || total
---------------------------++-------
  Melee: War axe           ||    56
         Tailslap          ||     1
 Armour: Scale mail        ||    40
  Dodge: Dodged            ||    26
  Block: Buckler           ||    15

Table legend: (Time is in decaauts)
 A = Elapsed time spent in this place.
 B = Non-inter-level travel time spent in this place.
 C = Inter-level travel time spent in this place.
 D = Time resting spent in this place.
 E = Time spent auto-exploring this place.
 F = Levels seen in this place.
 G = Mean time per level.
                   A        B        C        D        E       F      G
               +--------+--------+--------+--------+--------+-----+--------+
         Total |    798 |    745 |     53 |      0 |    549 |   2 |  399.0 |
       Dungeon |    798 |    745 |     53 |      0 |    549 |   2 |  399.0 |
               +--------+--------+--------+--------+--------+-----+--------+

Top non-repeatable levels by time:
     D:1: 755 daAuts
     D:2: 43 daAuts
